 Dungeon Crawl Stone Soup version 0.28.0-43-g3370ac3207 (webtiles) character file.

Game seed: 13573450603165928672

7125 boopmooplesden the Cleaver (level 10, -28/88 HPs)
             Began as a Minotaur Fighter on Mar 31, 2022.
             Was a Believer of Trog.
             Annihilated by a boulder beetle (29 damage)
             ... on level 9 of the Dungeon.
             The game lasted 00:12:17 (8506 turns).

boopmooplesden the Cleaver (Minotaur Fighter)       Turns: 8506, Time: 00:12:18

Health: -28/88     AC:  5    Str: 27    XL:     10   Next: 85%
Magic:  9/9        EV: 14    Int:  7    God:    Trog [**....]
Gold:   525        SH: 12    Dex: 18    Spells: 9/9 levels left

rFire   . . .      SeeInvis .   a - +7 hand axe of the Tundras {spect, *Corrode rF- Will+++ Str+6}
rCold   . . .      Faith    .   c - +0 buckler
rNeg    . . .      Spirit   .   t - +2 leather armour {rF+}
rPois   .          Reflect  +   (helmet restricted)
rElec   .          Harm     .   n - +0 cloak
rCorr   .          Rampage  .   k - +1 pair of gloves
Will    +++..                   (no boots)
Stlth   +++.......              j - amulet of reflection
HPRegen 0.24/turn               l - +6 ring of dexterity
MPRegen 0.11/turn               (no ring)

@: corroded, on berserk cooldown, flying, slowed, very slow
A: horns 2, retaliatory headbutt
a: Renounce Religion, Berserk, Trog's Hand


You were on level 9 of the Dungeon.
You worshipped Trog.
Trog was pleased with you.
You visited 2 branches of the dungeon, and saw 10 of its levels.

You collected 525 gold pieces.

Inventory:

Hand Weapons
 a - the +7 hand axe of the Tundras (weapon) {spect, *Corrode rF- Will+++ Str+6}
   (You found it on level 3 of the Dungeon)

   When its wielder attacks, the weapon's spirit leaps out and strikes again.
   The spirit shares a part of any damage it takes with its wielder.
   Str:       It affects your strength (+6).
   rF:        It makes you vulnerable to fire.
   *Corrode:  It may corrode you when you take damage.
   Will:      It greatly increases your willpower.
 b - a +0 hunting sling
 e - a +0 war axe
Missiles
 o - 53 sling bullets
 q - 5 javelins (quivered)
Armour
 c - a +0 buckler (worn)
 k - a +1 pair of gloves (worn)
 n - a +0 cloak (worn)
 p - a +0 scale mail
 t - a +2 leather armour of fire resistance (worn)
Jewellery
 h - an amulet of magic regeneration
 i - an amulet of guardian spirit
 j - an amulet of reflection (around neck)
 l - a +6 ring of dexterity (left hand)
 v - a +6 ring of intelligence
 y - a ring of resist corrosion
 H - a ring of protection from fire
 I - an amulet of regeneration
Wands
 m - a wand of paralysis (9)
 F - a wand of iceblast (4)
 J - a wand of flame (14)
 M - a wand of polymorph (10)
Scrolls
 w - a scroll of teleportation
 x - a scroll of enchant armour
 z - 4 scrolls of enchant weapon {unknown}
 A - 8 scrolls of identify
 B - a scroll of magic mapping {unknown}
 C - 2 scrolls of holy word {unknown}
 D - 2 scrolls of noise {unknown}
 L - a scroll of torment {unknown}
Potions
 d - a potion of might
 f - 2 potions of haste {unknown}
 g - 2 potions of magic
 r - a potion of invisibility {unknown}
 s - a potion of heal wounds {unknown}
 u - a potion of curing {unknown}
 E - a potion of flight
 G - a potion of lignification {unknown}
 K - a potion of mutation {unknown}


   Skills:
 + Level 8.1 Fighting
 + Level 12.2 Axes
 + Level 3.7 Slings
 + Level 6.3 Armour
 + Level 5.6 Dodging
 + Level 5.2 Stealth
 + Level 9.0 Shields


You had 9 spell levels left.
You didn't know any spells.
Your spell library was empty.

Dungeon Overview and Level Annotations

Branches:
Dungeon (9/15)             Temple (1/1) D:4             Orc (0/2) D:9
   Lair: D:8-11

Altars:
Ashenzari
Cheibriados
Dithmenos
Elyvilon
Fedhas
Gozag
Hepliaklqana
Kikubaaqudgha
Makhleb
Nemelex Xobeh
Okawaru
Qazlal
Ru
Sif Muna
Trog
Uskayaw
Vehumet
Wu Jian
Xom
Yredelemnul
Zin
The Shining One

Shops:
D:2 (   D:4 :   D:5 [![   D:6 [


Innate Abilities, Weirdness & Mutations

You have a pair of horns on your head.
You reflexively headbutt those who attack you in melee.


Message History

Your +7 hand axe of the Tundras {spect, *Corrode rF- Will+++ Str+6} hits the manticore!
You slash the manticore!
You kill the manticore!
Trog accepts your kill.
You feel yourself speed up.
Your Shields skill increases to level 9!
You slash the boulder beetle!
The boulder beetle is lightly wounded.
Your +7 hand axe of the Tundras {spect, *Corrode rF- Will+++ Str+6} hits the boulder beetle.
You block the boulder beetle's attack.
You completely miss the boulder beetle. You headbutt the boulder beetle!
The boulder beetle is moderately wounded.
Your +7 hand axe of the Tundras {spect, *Corrode rF- Will+++ Str+6} hits the boulder beetle but does no damage.
You slash the boulder beetle!
The boulder beetle is heavily wounded.
Your +7 hand axe of the Tundras {spect, *Corrode rF- Will+++ Str+6} hits the boulder beetle.
You rip and tear the barbed spikes from your body.
The boulder beetle bites your +7 hand axe of the Tundras {spect, *Corrode rF- Will+++ Str+6}!
Your spectral weapon shares its damage with you!
* * * LOW HITPOINT WARNING * * *
You hit the boulder beetle but do no damage.
You headbutt the boulder beetle.
The boulder beetle is heavily wounded.
Your +7 hand axe of the Tundras {spect, *Corrode rF- Will+++ Str+6} hits the boulder beetle but does no damage.
You hit the boulder beetle but do no damage.
The boulder beetle is heavily wounded.
Your +7 hand axe of the Tundras {spect, *Corrode rF- Will+++ Str+6} hits the boulder beetle but does no damage.
You are no longer berserk.
You are exhausted.
You feel yourself slow down. The boulder beetle bites you!
* * * LOW HITPOINT WARNING * * *
Okay, then.
It was a potion of magic.
Magic courses through your body. The boulder beetle closely misses you.
It was a potion of flight.
You feel very buoyant.
You fly up into the air.
You block the boulder beetle's attack.
The orc priest begins to cast a cantrip, but forgets the words!
The boulder beetle bites you!!
You die...

#........###
#......
#........#
#......
##........#
#......
.......[..#
#......
$.........#
#......
....[...).##
#......
........)).#
#......
..........ยง#
#......
.........@.#
#......
.....#####B#
#...... .....
#o# #######
..... #g# ..


.HD ... .... ... You could see a boulder beetle, a manticore, an acid dragon, a
gnoll sergeant and an orc priest.

Vanquished Creatures
  A boulder beetle (D:9)
  A two-headed ogre (D:8)
  2 manticores (D:9)
  Grinder (D:6)
  Sigmund (D:3)
  2 vampires (D:6)
  A wraith (D:9)
  Eustachio (D:4)
  A wyvern (D:7)
  A steam dragon (D:9)
  Menkaure (D:6)
  Edmund (D:4)
  2 water moccasins
  An ice beast (D:7)
  An orc warrior (D:9)
  4 sky beasts
  A black bear (D:6)
  2 ogres
  5 centaurs
  4 bullfrogs
  A gnoll sergeant (D:9)
  4 scorpions
  8 killer bees (D:8)
  9 howler monkeys
  4 wights (D:6)
  A centaur zombie (D:7)
  2 orc priests
  4 jellies
  2 bullfrog skeletons
  A gnoll shaman (D:8)
  3 hounds
  2 iguanas
  6 orc wizards
  2 hound skeletons
  14 adders
  7 gnolls
  A shadow imp (D:6)
  A white imp (D:6)
  An adder zombie (D:5)
  2 worms
  3 dart slugs
  24 orcs
  9 bats
  20 endoplasms
  6 giant cockroaches
  4 goblins
  10 hobgoblins
  4 jackals (D:5)
  15 kobolds
  5 quokkas
  6 ball pythons
  4 frilled lizards
  8 rats
227 creatures vanquished.

Vanquished Creatures (others)
  5 fungi (D:3)
  6 plants (D:6)
  3 toadstools (D:3)
14 creatures vanquished.

Grand Total: 241 creatures vanquished

Notes
Turn   | Place    | Note
-------+----------+-------------------------------------------
     0 | D:1      | boopmooplesden the Minotaur Fighter began the quest for the
                  | Orb.
     0 | D:1      | Reached XP level 1. HP: 19/19 MP: 0/0
   105 | D:1      | Reached XP level 2. HP: 27/27 MP: 1/1
   129 | D:1      | Found a faded altar of an unknown god.
   250 | D:1      | Reached XP level 3. HP: 28/33 MP: 2/2
   707 | D:2      | Found Porifimy's Weapon Shop.
   867 | D:2      | Reached skill level 3 in Axes
   867 | D:2      | Reached XP level 4. HP: 41/41 MP: 3/3
  1312 | D:2      | Reached skill level 1 in Dodging
  1378 | D:2      | Reached XP level 5. HP: 47/47 MP: 4/4
  1770 | D:3      | Reached skill level 1 in Slings
  1889 | D:3      | Identified the +7 hand axe of the Tundras {spect, *Corrode
                  | rF- Will+++ Str+6}
  2206 | D:3      | Reached skill level 4 in Axes
  2693 | D:3      | Noticed Sigmund
  2697 | D:3      | Killed Sigmund
  2698 | D:3      | Reached skill level 5 in Axes
  2698 | D:3      | Reached skill level 5 in Armour
  2698 | D:3      | Reached XP level 6. HP: 53/53 MP: 5/5
  3104 | D:4      | Found Ykhluloe's Book Shoppe.
  3142 | D:4      | Reached XP level 7. HP: 44/60 MP: 6/6
  3444 | D:4      | Noticed Eustachio
  3462 | D:4      | Killed Eustachio
  3463 | D:4      | Reached skill level 6 in Axes
  3463 | D:4      | Reached skill level 5 in Shields
  3506 | D:4      | Reached skill level 5 in Fighting
  3506 | D:4      | Reached skill level 1 in Stealth
  3618 | D:4      | Reached skill level 7 in Axes
  3719 | D:4      | Found a staircase to the Ecumenical Temple.
  3722 | D:4      | Noticed Edmund
  3729 | D:4      | Killed Edmund
  3730 | D:4      | Reached XP level 8. HP: 66/68 MP: 7/7
  4071 | Temple   | Entered the Ecumenical Temple
  4153 | Temple   | Became a worshipper of Trog the Wrathful
  4374 | D:5      | Entered Level 5 of the Dungeon
  4393 | D:5      | Found Baumia Yder's Armour Boutique.
  4566 | D:5      | Reached skill level 8 in Axes
  4687 | D:5      | Found Xawam's Distillery.
  5009 | D:5      | Found Orreurep's Armour Shoppe.
  5119 | D:6      | Reached * piety under Trog
  5149 | D:6      | Reached skill level 9 in Axes
  5227 | D:6      | Found an ancient bone altar of Kikubaaqudgha.
  5229 | D:6      | Noticed Menkaure
  5240 | D:6      | Found a basalt altar of Yredelemnul.
  5257 | D:6      | Found a transporter.
  5268 | D:6      | Found a transporter.
  5435 | D:6      | Reached XP level 9. HP: 75/75 MP: 8/8
  5617 | D:6      | Found Liossuni's Antique Armour Shoppe.
  5666 | D:6      | Noticed Grinder
  5671 | D:6      | Killed Grinder
  5722 | D:6      | Found an ornate altar of the Wu Jian Council.
  5766 | D:6      | Found an iron altar of Okawaru.
  6216 | D:6      | Killed Menkaure
  6218 | D:6      | Reached skill level 10 in Axes
  6634 | D:7      | Reached ** piety under Trog
  7407 | D:7      | Reached skill level 11 in Axes
  7653 | D:8      | Reached XP level 10. HP: 81/86 MP: 9/9
  7864 | D:8      | Noticed a two-headed ogre
  7874 | D:8      | Killed a two-headed ogre
  7956 | D:8      | Reached skill level 5 in Dodging
  8268 | D:9      | Found a staircase to the Orcish Mines.
  8348 | D:9      | Noticed a manticore
  8356 | D:9      | Killed a manticore
  8473 | D:9      | Noticed a boulder beetle
  8478 | D:9      | Noticed a boulder beetle
  8485 | D:9      | Noticed a manticore
  8487 | D:9      | Noticed a manticore
  8496 | D:9      | Killed a boulder beetle
  8497 | D:9      | Reached skill level 12 in Axes
  8497 | D:9      | Reached skill level 5 in Stealth
  8499 | D:9      | Killed a manticore
  8504 | D:9      | HP: 1/88 [boulder beetle (16)]
  8506 | D:9      | Annihilated by a boulder beetle

Illustrated notes

Levels and vault maps discovered:
D:1:      onia_arrival_pentagram, layout_rooms,
          hellmonk_ecumenical_altar_zigzags, minmay_three_crescents
D:2:      layout_loops_ring, serial_shops, nicolae_shop_bloodbath_and_beyond,
          serial_park_tiny_pond
D:3:      cheibrodos_fertilizer, layout_basic, serial_corexii_hall,
          corexii_hall_statues_i, corexii_hall_statues_deadend, minmay_between,
          uniq_sigmund
D:4:      layout_basic, minmay_temple_entry_nine_rooms, serial_shops, shop,
          uniq_eustachio, uniq_edmund
D:5:      layout_basic, serial_shops, kennysheep_mini_moat, shop,
          kennysheep_mini
D:6:      corexii_shack_village, layout_loops_ring,
          mainiacjoe_overflow_large_starburst, gammafunk_temple_of_torment,
          serial_shops, nicolae_shop_statue_plus, grunt_ministairs_10,
          serial_bayou_pond_b, uniq_grinder
D:7:      layout_basic, uniq_menkaure
D:8:      layout_loops_ring, serial_park_tiny_2, grunt_decor_one_mirror
D:9:      minmay_bloctagon, layout_basic, orc_0_dummy
Temple:   mainiacjoe_temple_coin_purse

Skill      XL: |  1  2  3  4  5  6  7  8  9 10 |
---------------+-------------------------------+-----
Shields        | 4 5 6 7 9 |  9.0
Fighting       | 4 5 6 7 8 |  8.1
Armour         | 4 5 6 |  6.3
Axes           | 3 5 7 9 11 12 | 12.2
Dodging        | 1 2 4 5 |  5.6
Slings         | 3 |  3.7
Stealth        | 1 2 4 5 |  5.2

Action                   |  1- 3 |  4- 6 |  7- 9 | 10-12 || total
-------------------------+-------+-------+-------+-------++-------
Melee: War axe           |    60 |    29 |       |       ||    89
       Headbutt          |     9 |    10 |    25 |    20 ||    64
       Hand axe          |       |    49 |   180 |    79 ||   308
 Fire: Hunting sling     |       |    51 |       |       ||    51
Invok: Berserk           |       |       |     1 |     2 ||     3
  Use: Scroll            |       |     3 |     4 |       ||     7
       Potion            |       |       |       |     2 ||     2
 Stab: Sleeping          |       |       |     6 |       ||     6
       Distracted        |       |       |     2 |     1 ||     3
Armor: Scale mail        |    30 |    14 |     9 |       ||    53
       Leather armour    |       |       |    28 |    13 ||    41
Dodge: Dodged            |    42 |    28 |    52 |    24 ||   146
Block: Buckler           |    16 |    47 |    76 |    35 ||   174
       Reflection        |     1 |     1 |     4 |     2 ||     8
